 Dungeon Crawl Stone Soup version 0.29-a0-241-g20d21d4356 (webtiles) character file.

Game seed: 1567554853302958067

42 Morbidden the Skirmisher (level 3, -4/33 HPs)
             Began as a Draconian Wanderer on Mar 4, 2022.
             Killed from afar by an orc wizard (9 damage)
             ... with a puff of flame
             ... on level 2 of the Dungeon.
             The game lasted 00:02:14 (2100 turns).

Morbidden the Skirmisher (Draconian Wanderer)       Turns: 2100, Time: 00:02:14

Health: -4/33      AC:  5    Str: 17    XL:     3   Next: 33%
Magic:  3/3        EV: 11    Int: 10    God:
Gold:   23         SH:  0    Dex: 11    Spells: 2/2 levels left

rFire   . . .      SeeInvis .   a - +2 dagger
rCold   . . .      Faith    .   (no shield)
rNeg    . . .      Spirit   .   (body armour unavailable)
rPois   .          Reflect  .   (helmet restricted)
rElec   .          Harm     .   (no cloak)
rCorr   .          Rampage  .   (no gloves)
Will    .....                   (no boots)
Stlth   +.........              (no amulet)
HPRegen 0.11/turn               (no ring)
MPRegen 0.08/turn               (no ring)

@: confused, flying
A: AC +5, unfitting armour, cold-blooded
a: no special abilities


You were on level 2 of the Dungeon.
You visited 1 branch of the dungeon, and saw 2 of its levels.

You collected 23 gold pieces.

Inventory:

Hand Weapons
 a - a +2 dagger (weapon)
 c - a +0 mace
 e - a +0 dagger
Missiles
 d - 8 boomerangs (quivered)
 h - 8 poisoned darts
Armour
 l - a +0 kite shield
Scrolls
 b - a scroll of summoning
 g - a scroll of noise
 i - a scroll of identify
 j - a scroll of magic mapping {unknown}
 k - 2 scrolls of teleportation
 m - a scroll of silence {unknown}


   Skills:
 * Level 4.2 Fighting
 - Level 3.0 Maces & Flails
 + Level 1.0 Throwing
 * Level 1.3 Dodging
 + Level 2.8 Stealth


You had 2 spell levels left.
You didn't know any spells.
Your spell library contained the following spells:

 Spells                   Type           Power      Damage    Failure   Level
 Animate Skeleton         Necr           0%         N/A       36%         1
 Apportation              Tloc           0%         N/A       36%         1
 Summon Small Mammal      Summ           0%         N/A       36%         1


Dungeon Overview and Level Annotations

Branches:
Dungeon (2/15)

Altars:


Innate Abilities, Weirdness & Mutations

Your plain brown scales are hard. (AC +5)
You cannot fit into any form of body armour.
You are cold-blooded and may be slowed by cold attacks.


Message History

You closely miss something. Something hits you but does no damage.
Unknown command.
You barely miss something. Something hits you.
You miss something. Something hits you.
* * * LOW HITPOINT WARNING * * *
You miss something. Something hits you but does no damage.
You closely miss something. Something hits you but does no damage.
You hit something. Something completely misses you.
Unknown command.
Unknown command.
It was a potion of flight.
You feel very buoyant.
You fly up into the air.
Something hits you.
* * * LOW HITPOINT WARNING * * *
Unknown command.
You miss something. Something barely misses you.
You hit something. Something hits you but does no damage.
Unknown command.
You barely miss something.
Your tail-slap misses something.
Something hits you.
* * * LOW HITPOINT WARNING * * *
Unknown command.
You closely miss something.
Your tail-slap misses something.
Something hits you but does no damage.
Unknown command.
You hit something. Something hits you but does no damage.
Unknown command.
You hit something.
Your tail-slap misses something.
You hear some strange, mumbled words.
You are confused.
Unknown command.
You bump into the rock wall.
Something hits you but does no damage.
Unknown command.
An orc wizard appears from thin air!
Reactivating autopickup.
Unknown command.
The orc wizard closely misses you.
You bump into the rock wall.
The orc wizard points at you and mumbles some strange words.
The puff of flame hits you!
You die...

###### ######## .....# #......#
####.## #.####.## ..... #.....#
#.#.....# #..{# #.##..#
#.#.##..# #...#
......######.#.##..# #...#
#...#...........@.## #...#
#...#############o# #...#
#...##.......# #.# #...#
##.###.......# #.# ########...##
#.###.......####.###............
#...#....).................>....
###.#.......###..###............
#.#.......# #..##########...##
#.#.......###....# #...#


You could see an orc wizard.

Vanquished Creatures
  An adder (D:2)
  A gnoll (D:1)
  A worm (D:2)
  3 bats
  2 goblins (D:1)
  4 hobgoblins (D:1)
  4 kobolds
  A quokka (D:1)
  A ball python (D:1)
  A frilled lizard (D:1)
19 creatures vanquished.

Vanquished Creatures (others)
  3 fungi (D:2)
  3 plants (D:2)
6 creatures vanquished.

Grand Total: 25 creatures vanquished

Notes
Turn   | Place    | Note
-------+----------+-------------------------------------------
     0 | D:1      | Morbidden the Draconian Wanderer began the quest for the
                  | Orb.
     0 | D:1      | Morbidden set off with the following items: a +2 dagger, a
                  | scroll of summoning, a +0 mace, 8 boomerangs, a +0 dagger
     0 | D:1      | Reached XP level 1. HP: 19/19 MP: 1/1
   263 | D:1      | Reached skill level 1 in Dodging
   263 | D:1      | Reached XP level 2. HP: 2/26 MP: 2/2
  1737 | D:2      | Reached skill level 4 in Fighting
  1737 | D:2      | Reached XP level 3. HP: 25/33 MP: 3/3
  1775 | D:2      | Found a faded altar of an unknown god.
  2100 | D:2      | Killed from afar by an orc wizard

Illustrated notes

Levels and vault maps discovered:
D:1:      dpeg_arrival_morbid_curiosity, layout_basic,
          amcnicky_mini_rare_corridor_liquid
D:2:      layout_loops_cross, basic_altar, dreamdust_ecumenical_altar_grove

Skill      XL: |  1  2 |
---------------+-------+-----
Dodging        | 1 |  1.3
Fighting       | 4 |  4.2
Maces & Flails | |  3.0
Throwing       | |  1.0
Stealth        | |  2.8

Action                   || total
-------------------------++-------
Melee: Dagger            ||    94
       Tailslap          ||    12
       Punch             ||     1
Throw: Boomerang         ||     1
  Use: Scroll            ||     2
       Potion            ||     1
 Stab: Sleeping          ||     2
Armor: Skin              ||    38
Dodge: Dodged            ||    51

Table legend: (Time is in decaauts)
 A = Elapsed time spent in this place.
 B = Non-inter-level travel time spent in this place.
 C = Inter-level travel time spent in this place.
 D = Time resting spent in this place.
 E = Time spent auto-exploring this place.
 F = Levels seen in this place.
 G = Mean time per level.
                   A        B        C        D        E       F      G
               +--------+--------+--------+--------+--------+-----+--------+
         Total |   2099 |   2097 |      2 |    580 |   1221 |   2 | 1049.5 |
       Dungeon |   2099 |   2097 |      2 |    580 |   1221 |   2 | 1049.5 |
               +--------+--------+--------+--------+--------+-----+--------+

Top non-repeatable levels by time:
     D:1: 1710 daAuts
     D:2: 389 daAuts
